 Dungeon Sprint DCSS version 0.16-a0-3781-g2316936 (console) character file.

2438 Monkaria the Executioner (level 9, -4/85 HPs)
             Began as a Hill Orc Fighter on Jan 25, 2015.
             Was a Believer of Makhleb.
             Slain by an unseen horror (5 damage)
             ... in the Dungeon (Sprint I: "Red Sonja").
             The game lasted 00:04:32 (2186 turns).

Monkaria the Executioner (Hill Orc Fighter)         Turns: 2186, Time: 00:04:32

Health: -4/85      AC:  8    Str: 22    XL:     9   Next: 49%
Magic:  9/9        EV:  7    Int:  8    God:    Makhleb [**....]
Gold:   299        SH:  9    Dex: 10    Spells: 0 memorised, 8 levels left

rFire  . . .     SeeInvis .     a - +0 war axe
rCold  . . .     Clarity  .     b - +0 scale mail
rNeg   . . .     SustAb   .     c - +0 shield
rPois  .         Gourm    .     (no helmet)
rElec  .         Spirit   .     (no cloak)
rCorr  .         Warding  .     (no gloves)
rMut   .         NoTele   +     (no boots)
MR     .....                    (no amulet)
Stlth  ..........               (no ring)
                                l - ring of invisibility

@: lethally poisoned, not resistant to hostile enchantments, extremely
unstealthy
A: no striking features
a: Minor Destruction, Renounce Religion, Evoke Invisibility


You were in the Dungeon.
You worshipped Makhleb.
Makhleb was pleased with you.
You were near starving.

You visited 1 branch You collected 521 gold pieces.
You spent 222 gold pieces at shops.

Inventory:

Hand weapons
 a - a +0 war axe (weapon)
 p - a +0 shortbow
Missiles
 q - 6 arrows of dispersal
Armour
 b - a +0 scale mail (worn)
 c - a +0 shield (worn)
Jewellery
 l - a ring of invisibility (left hand)
Scrolls
 g - a scroll of amnesia {unknown}
 k - a scroll of blinking
 m - a scroll of enchant armour {unknown}
 o - a scroll of remove curse {unknown}
 r - a scroll of immolation {unknown}
Potions
 e - a potion of might
 f - 2 potions of curing
 h - a potion of haste
 i - 2 potions of magic
 j - a potion of berserk rage
 n - a potion of mutation {unknown}
 s - a potion of resistance {unknown}
Comestibles
 d - a meat ration


   Skills:
 - Level 10.1 Fighting
 - Level 21.0 Axes
 + Level 9.7 Armour
 - Level 3.2 Shields


You had 8 spell levels left.
You didn't know any spells.

Dungeon Overview and Level Annotations

Branches:
Dungeon (1/1)

Altars:
Elyvilon
Gozag
Kikubaaqudgha
Makhleb
Nemelex Xobeh
Okawaru
Qazlal
Ru
Sif Muna
Trog
Vehumet
Xom
Yredelemnul
Zin
The Shining One

Shops:
D *


Message History

4 jellies come into view.
You slash the giant eyeball!
You kill the giant eyeball!
Makhleb accepts your kill.
You feel a little better.
You miss something. Something hits you!
* * * LOW HITPOINT WARNING * * *
You slash something! Something hits you.
* * * LOW HITPOINT WARNING * * *
Something hits you.
* * * LOW HITPOINT WARNING * * *
You slice something!!
You feel sick. Something hits you.
* * * LOW HITPOINT WARNING * * *
You hit something.
The jelly quivers. x3
Something hits you.
* * * LOW HITPOINT WARNING * * *
You feel sick. Something hits you.
* * * LOW HITPOINT WARNING * * *
Something hits you.
You die...

##_.#'##'#####'###
###+#.#.§((# #.'.#
# ####+### ###.#
#.# #### #.#
......##.#
.......§§#
'J######{#
.J.J...§#@# #§§#
####


There were no monsters in sight!

Vanquished Creatures
  2 centaur warriors (D)
  An oklob plant (D)
  2 trapdoor spiders (D)
  A yak (D)
  A wasp (D)
  An ogre (D)
  Sigmund (D)
  A jelly (D)
  Ijyb (D)
  A giant eyeball (D)
12 creatures vanquished.

Vanquished Creatures (others)
  A gargoyle (D)
1 creature vanquished.

Grand Total: 13 creatures vanquished

Notes
Turn   | Place    | Note
--------------------------------------------------------------
     0 | D        | Monkaria, the Hill Orc Fighter, began the quest for the Orb.
     0 | D        | Reached XP level 1. HP: 19/19 MP: 1/1
     1 | D        | Noticed Ijyb
    14 | D        | Killed Ijyb
    14 | D        | Reached skill level 5 in Fighting
    14 | D        | Reached skill level 6 in Axes
    14 | D        | Reached XP level 2. HP: 23/29 MP: 2/2
   187 | D        | Noticed an ogre
   191 | D        | Killed an ogre
   191 | D        | Reached skill level 10 in Fighting
   191 | D        | Reached XP level 3. HP: 34/45 MP: 3/3
   191 | D        | Reached XP level 4. HP: 38/51 MP: 4/4
   244 | D        | Killed a gargoyle
   275 | D        | Noticed Sigmund
   287 | D        | Killed Sigmund
   287 | D        | Reached skill level 10 in Axes
   287 | D        | Reached XP level 5. HP: 37/58 MP: 5/5
   399 | D        | Found a deep blue altar of Sif Muna.
   400 | D        | Noticed a jelly
   401 | D        | Found a radiant altar of Vehumet.
   406 | D        | Killed a jelly
   406 | D        | Reached skill level 5 in Armour
   431 | D        | Found Pliur's Assorted Antiques.
   431 | D        | Found a white marble altar of Elyvilon.
   431 | D        | Found a stormy altar of Qazlal.
   431 | D        | Found a burning altar of Makhleb.
   431 | D        | Found a sacrificial altar of Ru.
   431 | D        | Found a basalt altar of Yredelemnul.
   431 | D        | Found a glowing golden altar of the Shining One.
   431 | D        | Found a sparkling altar of Nemelex Xobeh.
   431 | D        | Found a shimmering altar of Xom.
   431 | D        | Found an opulent altar of Gozag.
   431 | D        | Found an ancient bone altar of Kikubaaqudgha.
   431 | D        | Found a glowing silver altar of Zin.
   431 | D        | Noticed a yak
   458 | D        | HP: 1/58 [yak (5)]
   462 | D        | Killed a yak
   462 | D        | Reached skill level 13 in Axes
   462 | D        | Reached XP level 6. HP: 22/66 MP: 6/6
   480 | D        | Found an iron altar of Okawaru.
   481 | D        | Found a bloodstained altar of Trog.
   485 | D        | Bought a scroll labeled KHERIOB LOIH ZIMPI for 25 gold pieces
   485 | D        | Bought a scroll labeled SEICOV XUUHO for 25 gold pieces
   485 | D        | Bought a yellow potion for 22 gold pieces
   485 | D        | Bought 2 potions of curing for 150 gold pieces
   487 | D        | Became a worshipper of Makhleb the Destroyer
   679 | D        | Noticed a centaur warrior
   790 | D        | Noticed a centaur warrior
   807 | D        | Killed a centaur warrior
   807 | D        | Reached skill level 17 in Axes
   807 | D        | Reached XP level 7. HP: 7/72 MP: 7/7
   807 | D        | Reached XP level 8. HP: 7/79 MP: 8/8
  1125 | D        | Noticed a wasp
  1128 | D        | Noticed an oklob plant
  1140 | D        | Paralysed by a wasp for 2 turns
  1141 | D        | HP: 3/79 [wasp (9)]
  1143 | D        | Killed a wasp
  1143 | D        | Acquired Makhleb's first power
  1143 | D        | Reached skill level 18 in Axes
  1438 | D        | Killed a centaur warrior
  1438 | D        | Reached skill level 20 in Axes
  1438 | D        | Reached XP level 9. HP: 31/85 MP: 9/9
  1679 | D        | Noticed a trapdoor spider
  1683 | D        | Killed a trapdoor spider
  1683 | D        | Reached skill level 21 in Axes
  2036 | D        | Killed an oklob plant
  2163 | D        | Noticed a trapdoor spider
  2169 | D        | Killed a trapdoor spider
  2169 | D        | Acquired Makhleb's second power
  2182 | D        | Noticed a jelly
  2182 | D        | Noticed a jelly
  2182 | D        | Noticed a jelly
  2182 | D        | Noticed a jelly
  2186 | D        | HP: 1/85 [something (6)]
  2186 | D        | Slain by an unseen horror

Action                   |  1- 3 |  4- 6 |  7- 9 || total
-------------------------+-------+-------+-------++-------
Melee: War axe           |    15 |    39 |    60 ||   114
  Use: Potion            |       |     1 |     1 ||     2
  Eat: Chunk             |       |       |     2 ||     2
